 Dungeon Crawl Stone Soup version 0.28-a0-722-gc0678643b6 (webtiles) character file.

Game seed: 10481770085528228905

9496 BlueGoblin the Spry (level 11, -7/79 (90) HPs)
             Began as a Tengu Monk on Oct 25, 2021.
             Was an Elder of Yredelemnul.
             Killed from afar by an orc sorcerer (27 damage)
             ... with a bolt of negative energy
             ... led by an orc knight
             ... while paralysed by an orc sorcerer
             ... on level 1 of the Orcish Mines.
             The game lasted 00:37:09 (14761 turns).

BlueGoblin the Spry (Tengu Monk)                   Turns: 14761, Time: 00:37:11

HP:   -7/79 (90)    AC:  6    Str: 18    XL:     11   Next: 47%
MP:   12/12         EV:  2    Int: 10    God:    Yredelemnul [****..]
Gold: 590           SH:  0    Dex: 20    Spells: 10/10 levels left

rFire   . . .      SeeInvis .   a - +3 short sword (venom)
rCold   . . .      Faith    .   (no shield)
rNeg    . . .      Spirit   .   E - +0 steam dragon scales
rPois   .          Reflect  +   (helmet restricted)
rElec   .          Harm     .   (no cloak)
rCorr   +          Rampage  .   y - +0 pair of gloves
Will    .....      Clarity  +   (boots unavailable)
Stlth   ..........              o - amulet of reflection
HPRegen 0.23/turn               D - +6 ring of strength
MPRegen 0.13/turn               i - ring of resist corrosion

@: paralysed, berserking, flying quickly and evasively, heavily drained, quick
A: beak, talons 3, nimble flight, clarity, screaming 1
a: Renounce Religion, Recall Undead Slaves, Injury Mirror, Animate Dead, Drain
Life


You were on level 1 of the Orcish Mines.
You worshipped Yredelemnul.
Yredelemnul was greatly pleased with you.
You visited 4 branches of the dungeon, and saw 12 of its levels.

You collected 590 gold pieces.

Inventory:

Hand Weapons
 a - a +3 short sword of venom (weapon)
 d - a +2 dagger of venom
 B - a +0 short sword of electrocution
 J - a +1 short sword of freezing
 K - a +4 long sword
Missiles
 h - 44 poisoned darts (quivered)
 j - 4 curare-tipped darts
 m - 3 throwing nets
Armour
 b - a +1 robe
 n - a +0 buckler
 x - +0 acid dragon scales
 y - a +0 pair of gloves (worn)
 z - a +1 robe of fire resistance
 E - +0 steam dragon scales (worn)
Jewellery
 c - an amulet of magic regeneration
 e - an amulet of faith
 i - a ring of resist corrosion (right hand)
 o - an amulet of reflection (around neck)
 D - a +6 ring of strength (left hand)
Wands
 w - a wand of iceblast (10)
 F - a wand of polymorph (6)
 G - a wand of flame (18)
Scrolls
 f - 2 scrolls of fog
 g - 3 scrolls of enchant armour
 p - 2 scrolls of silence
 r - 2 scrolls of fear
 A - a scroll of magic mapping
 C - 3 scrolls of teleportation
 H - 2 scrolls of identify
 I - a scroll of amnesia
Potions
 k - 2 potions of curing
 l - a potion of invisibility
 t - 4 potions of might
 u - a potion of attraction
 v - 2 potions of lignification


   Skills:
 - Level 3.0 Fighting
 - Level 3.2 Short Blades
 + Level 18.9 Dodging
 - Level 2.0 Stealth


You had 10 spell levels left.
You didn't know any spells.
Your spell library contained the following spells:

 Spells                   Type           Power      Damage    Failure   Level
 Animate Skeleton         Necr           0%         N/A       36%         1
 Apportation              Tloc           0%         N/A       36%         1
 Summon Small Mammal      Summ           0%         N/A       36%         1
 Blink                    Tloc           0%         N/A       50%         2
 Manifold Assault         Tloc           0%         N/A       100%        5
 Storm Form               Tmut/Air       0%         N/A       100%        7


Dungeon Overview and Level Annotations

Branches:
Dungeon (9/15)             Temple (1/1) D:6            Lair (1/6) D:9
    Orc (1/2) D:9

Altars:
Ashenzari
Dithmenos
Gozag
Hepliaklqana
Kikubaaqudgha
Makhleb
Nemelex Xobeh
Ru
Sif Muna
Trog
Uskayaw
Vehumet
Wu Jian
Xom
Yredelemnul
Zin
The Shining One

Shops:
D:9 !


Innate Abilities, Weirdness & Mutations

You have a beak for a mouth.
You have claws for feet.
Your magical nature lets you fly swiftly and evasively.
You possess an exceptional clarity of mind.
You occasionally shout uncontrollably at your foes.


Message History

The orc sorcerer gestures at you while chanting.
You resist with significant effort.
The soul eater hits your cyclops zombie!
Your cyclops zombie is destroyed!
You puncture the orc sorcerer!
The orc sorcerer is poisoned.
You peck the orc sorcerer, but do no damage.
The orc sorcerer is heavily wounded.
The orc sorcerer hits you but does no damage.
You barely miss the orc sorcerer.
You claw the orc sorcerer, but do no damage.
Your peck misses the orc sorcerer.
The orc sorcerer is heavily wounded.
The orc sorcerer misses you.
You closely miss the orc sorcerer. You claw the orc sorcerer.
The orc sorcerer is heavily wounded.
The orc sorcerer barely misses you.
You hit the orc sorcerer. Your kick misses the orc sorcerer.
You peck the orc sorcerer.
The orc sorcerer is severely wounded.
The soul eater draws from the surrounding life force!
The orc sorcerer hits you with a +0 dagger.
You closely miss the orc sorcerer.
You claw the orc sorcerer, but do no damage.
Your peck misses the orc sorcerer.
The orc sorcerer is severely wounded.
The soul eater hits you!!
The orc sorcerer hits you but does no damage.
A red film seems to cover your vision as you go berserk!
You feel yourself moving faster!
You feel mighty! The soul eater completely misses you.
The orc sorcerer gestures at you while chanting.
You suddenly lose the ability to move!
The soul eater hits you.
* * * LOW HITPOINT WARNING * * *
You feel drained.
* * * LOW HITPOINT WARNING * * *
The orc sorcerer casts a spell at you. The bolt of negative energy hits you!!
You feel drained.
You die...
Your body rises from the dead as a mindless zombie.

......'.#....#.'..#........
......'.#.[[.#.[.#.......#.
.#....#.##['##.#(.#..#.....
......#....[...#...........
......#.?......#...........
......##########.......##.
....................#.##
.#.#.###...............#
###### ###...[.o@<..#.##
##....3....### ##.#..##.##
#########


You could see a soul eater (summoned) and an orc sorcerer (very poisoned).

Vanquished Creatures
  A two-headed ogre (D:8)
  3 death yaks
  An orc high priest (D:9)
  Pikel (D:7)
  A cyclops (Orc:1)
  A hornet (D:9)
  Prince Ribbit (D:6)
  A wraith (D:8)
  2 steam dragons (D:8)
  A warg (D:9)
  An acid dragon (D:7)
  4 water moccasins
  4 orc warriors
  2 ice beasts
  A black bear (D:9)
  2 sky beasts
  A necrophage (D:7)
  2 ogres
  3 centaurs
  A lemure (D:7)
  2 phantoms
  2 bullfrogs
  5 scorpions
  7 killer bees
  3 wights
  3 howler monkeys
  3 centaur zombies
  7 orc priests
  A hound (D:5)
  2 jellies
  6 iguanas
  10 orc wizards
  2 killer bee zombies
  A hound zombie (D:5)
  3 hound skeletons
  3 howler monkey zombies (D:9)
  Robin (D:4)
  4 adders
  A white imp (D:8)
  2 worms (D:2)
  47 orcs
  12 ball pythons
  6 bats
  7 endoplasms
  2 giant cockroaches (D:2)
  17 goblins
  8 hobgoblins
  2 jackals (D:1)
  6 kobolds
  4 quokkas
  2 frilled lizards
  5 rats
220 creatures vanquished.

Vanquished Creatures (collateral kills)
  A death yak (D:7)
  A yak (D:8)
  An orc warrior (D:9)
  An orc wizard (D:8)
  4 orcs
  An orc zombie (D:9)
9 creatures vanquished.

Vanquished Creatures (others)
  A death yak zombie (D:8)
  A cyclops zombie (Orc:1)
  A two-headed ogre zombie (D:8)
  A warg zombie (D:9)
  An acid dragon zombie (D:7)
  3 killer bee zombies (D:8)
  A necrophage skeleton (D:7)
  13 orc zombies
  A scorpion zombie (D:8)
  A steam dragon zombie (D:8)
  4 fungi (D:9)
  5 plants (D:9)
33 creatures vanquished.

Grand Total: 262 creatures vanquished

Notes
Turn   | Place    | Note
-------+----------+-------------------------------------------
     0 | D:1      | BlueGoblin the Tengu Monk began the quest for the Orb.
     0 | D:1      | Reached XP level 1. HP: 14/14 MP: 2/2
   106 | D:1      | Reached XP level 2. HP: 19/19 MP: 3/3
   116 | D:1      | Reached skill level 4 in Dodging
   459 | D:1      | Reached XP level 3. HP: 23/23 MP: 4/4
  1173 | D:2      | Reached skill level 5 in Dodging
  1579 | D:2      | Reached XP level 4. HP: 27/28 MP: 5/5
  1597 | D:2      | You fall into a shaft and drop 2 floors!
  2411 | D:3      | Found a glowing silver altar of Zin.
  2762 | D:4      | Noticed Robin
  2792 | D:4      | Reached skill level 6 in Dodging
  2811 | D:4      | Gained mutation: Your magical nature lets you fly swiftly
                  | and evasively. [Tengu growth]
  2811 | D:4      | Reached XP level 5. HP: 32/32 MP: 6/6
  2961 | D:4      | Found a sparkling altar of Nemelex Xobeh.
  2990 | D:4      | Killed Robin
  3402 | D:5      | Entered Level 5 of the Dungeon
  3415 | D:5      | Noticed a centaur
  3760 | D:5      | Reached skill level 7 in Dodging
  3848 | D:5      | Reached XP level 6. HP: 31/37 MP: 7/7
  4301 | D:5      | Reached skill level 8 in Dodging
  4358 | D:5      | Noticed an ice beast
  4395 | D:4      | Reached XP level 7. HP: 41/41 MP: 8/8
  4547 | D:5      | Found a hide-covered altar of Uskayaw.
  4662 | D:5      | Reached skill level 9 in Dodging
  5689 | D:5      | Reached skill level 10 in Dodging
  5728 | D:5      | Reached XP level 8. HP: 27/46 MP: 9/9
  6268 | D:5      | Reached skill level 11 in Dodging
  6688 | D:6      | Noticed Prince Ribbit
  6708 | D:6      | Killed Prince Ribbit
  6743 | D:6      | Reached skill level 12 in Dodging
  6826 | D:6      | Found a staircase to the Ecumenical Temple.
  6849 | Temple   | Entered the Ecumenical Temple
  7002 | Temple   | Became a worshipper of Yredelemnul the Dark
  7002 | Temple   | Reached * piety under Yredelemnul
  7002 | Temple   | Reached ** piety under Yredelemnul
  7135 | D:6      | Reached XP level 9. HP: 42/50 MP: 10/10
  7755 | D:7      | Reached skill level 13 in Dodging
  7815 | D:7      | Noticed Pikel
  7843 | D:7      | Killed Pikel
  7944 | D:7      | Reached skill level 14 in Dodging
  9182 | D:7      | Gained mutation: Your flesh is heat resistant. (rF+)
                  | [potion of mutation]
  9182 | D:7      | Gained mutation: You are dopey. (Int -2) [potion of
                  | mutation]
  9182 | D:7      | Gained mutation: Your magical capacity is low. (-10% MP)
                  | [potion of mutation]
  9183 | D:7      | Lost mutation: You are dopey. (Int -2) [potion of mutation]
  9183 | D:7      | Lost mutation: Your flesh is heat resistant. (rF+) [potion
                  | of mutation]
  9183 | D:7      | Lost mutation: Your magical capacity is low. (-10% MP)
                  | [potion of mutation]
  9183 | D:7      | Gained mutation: You occasionally shout uncontrollably at
                  | your foes. [potion of mutation]
  9183 | D:7      | Gained mutation: You possess an exceptional clarity of
                  | mind. [potion of mutation]
  9915 | D:8      | Reached skill level 15 in Dodging
  9924 | D:8      | Reached XP level 10. HP: 54/56 MP: 11/11
 10698 | D:9      | Found Iri Poshu's Distillery.
 10727 | D:9      | Noticed a two-headed ogre
 10778 | D:8      | Reached *** piety under Yredelemnul
 10888 | D:8      | Reached skill level 16 in Dodging
 11358 | D:8      | Killed a two-headed ogre
 11768 | D:9      | Found a staircase to the Lair.
 11788 | D:9      | Reached skill level 17 in Dodging
 11965 | D:9      | Found a staircase to the Orcish Mines.
 12091 | Lair:1   | Entered Level 1 of the Lair of Beasts
 12091 | Lair:1   | Noticed a death yak
 12091 | Lair:1   | Noticed a death yak
 12093 | Lair:1   | Noticed a death yak
 12096 | Lair:1   | Noticed a death yak
 12097 | Lair:1   | Noticed a death yak
 12407 | D:8      | Killed a death yak
 12464 | D:8      | Killed a death yak
 12465 | D:8      | Reached XP level 11. HP: 42/60 MP: 12/12
 13015 | D:7      | Killed a death yak
 13016 | D:7      | Reached skill level 18 in Dodging
 13154 | D:7      | Killed a death yak
 13297 | Orc:1    | Entered Level 1 of the Orcish Mines
 13297 | Orc:1    | Noticed an orc high priest
 13299 | Orc:1    | Noticed a sun demon
 13452 | D:9      | Noticed a sixfirhy
 13460 | D:9      | Killed an orc high priest
 14288 | Orc:1    | Reached **** piety under Yredelemnul
 14344 | Orc:1    | Noticed a cyclops
 14389 | Orc:1    | Killed a cyclops
 14496 | Orc:1    | Noticed an orc sorcerer
 14498 | Orc:1    | Noticed a soul eater
 14754 | Orc:1    | Noticed a soul eater
 14760 | Orc:1    | Paralysed by an orc sorcerer for 6 turns
 14761 | Orc:1    | Killed from afar by an orc sorcerer

Illustrated notes

Levels and vault maps discovered:
D:1:      dpeg_arrival_round_b, layout_loops_ring, kennysheep_boxes
D:2:      layout_basic
D:3:      layout_rooms, mainiacjoe_overflow_small_starburst, minmay_distorted
D:4:      layout_rooms, overflow_temple_1_default, kennysheep_generic_room_15,
          uniq_robin
D:5:      layout_layer_cave, lemuel_tele_altar, chequers_arboretum, st_stairs_9
D:6:      layout_loops_ring, minmay_temple_entry_mist, uniq_prince_ribbit1
D:7:      layout_basic, uniq_pikel
D:8:      layout_basic, serial_glass, glass_columns_a, glass_columns_b
D:9:      layout_big_octagon, grunt_lair_entry_orc_guard_hut, hiddenorc1_lemuel,
          serial_shops, shop
Temple:   nicolae_temple_great_sept
Lair:1:   layout_gridlike, ebering_ghost_disaster_area, guppyfry_lair_drakes,
          lemuel_fruit_fields
Orc:1:    layout_caves, serial_shops, shop, guppyfry_library_mini

Skill      XL: |  1  2  3  4  5  6  7  8  9 10 11 |
---------------+----------------------------------+-----
Dodging        | 4 5 6 7 8 10 12 15 17 18 | 18.9
Fighting       | |  3.0
Short Blades   | |  3.2
Stealth        | |  2.0

Action                   |  1- 3 |  4- 6 |  7- 9 | 10-12 || total
-------------------------+-------+-------+-------+-------++-------
Melee: Short sword       |    28 |       |    63 |   281 ||   372
       Kick              |    20 |    45 |   111 |   136 ||   312
       Peck              |    10 |    26 |    62 |    79 ||   177
       Dagger            |    46 |   138 |   220 |       ||   404
Throw: Dart              |       |     2 |     2 |     8 ||    12
Invok: Animate Remains   |       |       |     2 |     1 ||     3
       Animate Dead      |       |       |       |    16 ||    16
       Recall Undead Sla |       |       |       |     2 ||     2
  Use: Scroll            |       |    13 |     5 |     2 ||    20
       Potion            |       |       |     2 |     2 ||     4
 Stab: Sleeping          |     6 |     3 |     4 |       ||    13
       Distracted        |     2 |       |     1 |     5 ||     8
Armor: Robe              |     7 |    17 |    17 |     2 ||    43
       Steam dragon scal |       |       |       |    16 ||    16
Dodge: Dodged            |    41 |   104 |   291 |   357 ||   793
Block: Other             |       |       |    36 |    66 ||   102
       Reflection        |       |       |     1 |     3 ||     4

Table legend: (Time is in decaauts)
 A = Elapsed time spent in this place.
 B = Non-inter-level travel time spent in this place.
 C = Inter-level travel time spent in this place.
 D = Time resting spent in this place.
 E = Time spent auto-exploring this place.
 F = Levels seen in this place.
 G = Mean time per level.
                   A        B        C        D        E       F      G
               +--------+--------+--------+--------+--------+-----+--------+
         Total |  14106 |  13411 |    695 |   3154 |   7105 |  12 | 1175.5 |
       Dungeon |  13640 |  12954 |    686 |   3154 |   6923 |   9 | 1515.6 |
        Temple |    148 |    139 |      9 |      0 |     52 |   1 |  148.0 |
          Lair |     10 |     10 |      0 |      0 |      0 |   1 |   10.0 |
  Orcish Mines |    306 |    306 |      0 |      0 |    130 |   1 |  306.0 |
               +--------+--------+--------+--------+--------+-----+--------+

Top non-repeatable levels by time:
     D:9: 2310 daAuts
     D:7: 2256 daAuts
     D:5: 2227 daAuts
     D:8: 1940 daAuts
     D:3: 1135 daAuts
     D:4: 1095 daAuts
     D:1: 1009 daAuts
     D:6: 936 daAuts
     D:2: 729 daAuts
   Orc:1: 306 daAuts
  Temple: 148 daAuts
  Lair:1: 10 daAuts
